 Dungeon Crawl Stone Soup version 0.30-a0-830-gfe289a77b0 (webtiles) character file.

Game seed: 18257844764494306479

141262 Iich the Executioner (level 17, -1/161 HPs)
             Began as a Hill Orc Fighter on Feb 28, 2023.
             Was an Initiate of Gozag.
             Slain by a 14-headed hydra (10 damage)
             ... on level 2 of the Swamp.
             The game lasted 00:47:47 (32918 turns).

Iich the Executioner (Hill Orc Fighter)            Turns: 32918, Time: 00:47:48

Health: -1/161     AC: 33    Str: 23    XL:     17   Next: 32%
Magic:  0/17       EV: 13    Int:  8    God:    Gozag
Gold:   189        SH: 10    Dex: 16    Spells: 16/16 levels left

rFire   . . .      SeeInvis .    I - +3 broad axe (chaos)
rCold   . . .      Faith    .    Y - +0 kite shield
rNeg    + . .      Spirit   +    B - +1 crystal plate armour
rPois   +          Reflect  .    R - +1 helmet
rElec   .          Harm     .    o - +2 cloak {Will+}
rCorr   .          Rampage  .    M - +1 pair of gloves of the Iron City of Dis {Str+2}
Will    ++...                    (no boots) Stlth
                                 g - amulet of guardian spirit
HPRegen 0.46/turn                N - ring of Oddaum {Contam rN+ EV+5 Slay+4}
MPRegen 0.15/turn                z - ring of poison resistance

@: no status effects
A: no striking features
a: Renounce Religion, Potion Petition, Call Merchant, Bribe Branch


You were on level 2 of the Swamp.
You worshipped Gozag.
Gozag was aware of your devotion.
You visited 5 branches of the dungeon, and saw 26 of its levels.
You also visited: Bailey and Ice Cave.

You collected 11145 gold pieces.
You spent 3418 gold pieces at shops.
You paid 7538 gold pieces to Gozag.

Inventory:

Hand Weapons
 I - a +3 broad axe of chaos (weapon)
Missiles
 v - 2 throwing nets (quivered)
Armour
 c - a +0 buckler
 o - a +2 cloak of willpower (worn)
 B - a +1 crystal plate armour (worn)
 M - the +1 pair of gloves of the Iron City of Dis (worn) {Str+2}
   (You found it in an ice cave)

   Str:       It affects your strength (+2).
 R - a +1 helmet (worn)
 T - a +0 cloak of stealth
 Y - a +0 kite shield (worn)
Jewellery
 d - the ring "Jufukec" {rElec Will+ Str+2 Dex-2 Slay+3}
   (You bought it in a shop on level 11 of the Dungeon)

   [ring of willpower]

   Str:       It affects your strength (+2).
   Dex:       It affects your dexterity (-2).
   Slay:      It affects your accuracy & damage with ranged weapons and melee
   (+3).
   rElec:     It insulates you from electricity.
   Will:      It increases your willpower.
 g - an amulet of guardian spirit (around neck)
 q - a ring of see invisible
 z - a ring of poison resistance (right hand)
 G - a ring of willpower
 J - a +6 ring of dexterity
 L - a ring of positive energy
 N - the ring of Oddaum (left hand) {Contam rN+ EV+5 Slay+4}
   (You bought it in a shop on level 11 of the Dungeon)

   [ring of evasion]

   EV:        It affects your evasion (+5).
   Slay:      It affects your accuracy & damage with ranged weapons and melee
   (+4).
   rN:        It protects you from negative energy.
   Contam:    It causes magical contamination when unequipped.
 S - the ring "Huudanal" {Fire rN+ rCorr Str+2}
   (You found it on level 13 of the Dungeon)

   [ring of fire]

   It enhances your fire magic.
   Str:       It affects your strength (+2).
   rF:        It protects you from fire.
   rC:        It makes you vulnerable to cold.
   rN:        It protects you from negative energy.
   rCorr:     It protects you from acid and corrosion.
 U - a ring of resist corrosion
Wands
 b - a wand of light (21)
 p - a wand of iceblast (2)
 s - a wand of paralysis (1)
 y - a wand of digging (2)
 Z - a wand of flame (17)
Scrolls
 a - 3 scrolls of blinking
 e - a scroll of torment
 f - a scroll of vulnerability
 h - 12 scrolls of teleportation
 i - a scroll of immolation
 j - 7 scrolls of fog
 k - 2 scrolls of fear
 l - a scroll of noise
 u - a scroll of poison
 A - a scroll of silence
 F - a scroll of summoning
 K - 5 scrolls of magic mapping
 P - 9 scrolls of identify
Potions
 m - 2 potions of mutation
 n - 3 potions of curing
 r - 8 potions of flight
 t - a potion of lignification
 w - a potion of attraction
 x - 4 potions of haste
 C - a potion of cancellation
 D - 3 potions of might
 E - 3 potions of resistance
 H - 2 potions of heal wounds
 V - 2 potions of magic
Miscellaneous
 O - a tin of tremorstones (1/2)
 Q - a piece from Xom's chessboard (15/15)
 W - a box of beasts (inert)
 X - a phantom mirror (inert)


   Skills:
 + Level 17.3 Fighting
 * Level 25.2 Axes
 + Level 14.7 Armour
 + Level 10.5 Dodging
 - Level 6.4 Shields


You had 16 spell levels left.
You didn't know any spells.
Your spell library contained the following spells:

 Spells                   Type           Power      Damage    Failure   Level
 Apportation              Tloc           0%         N/A       100%        1
 Foxfire                  Conj/Fire      0%         2x1d4     100%        1
 Magic Dart               Conj           0%         1d3       100%        1
 Necrotise                Necr           0%         1d4       100%        1
 Sandblast                Erth           0%         2d4       100%        1
 Summon Small Mammal      Summ           0%         N/A       100%        1
 Call Imp                 Summ           0%         N/A       100%        2
 Cigotuvi's Dreadful Rot  Necr/Pois/Air  0%         N/A       100%        2
 Passwall                 Tmut/Erth      0%         N/A       100%        2
 Poisonous Vapours        Pois/Air       0%         N/A       100%        2
 Scorch                   Fire           0%         2d5       100%        2
 Static Discharge         Conj/Air       0%         2-2/arc   100%        2
 Hailstorm                Conj/Ice       0%         3d3       100%        3
 Ignite Poison            Fire/Tmut/Pois 0%         N/A       100%        3
 Inner Flame              Hex/Fire       0%         N/A       100%        3
 Kindle Blastsparks       Fire/Tloc/Air  0%         2d10      100%        3
 Mephitic Cloud           Conj/Pois/Air  0%         N/A       100%        3
 Stone Arrow              Conj/Erth      0%         3d7       100%        3
 Tukima's Dance           Hex            0%         N/A       100%        3
 Vhi's Electric Charge    Tloc/Air       0%         N/A       100%        3
 Animate Armour           Summ/Erth      0%         N/A       100%        4
 Cause Fear               Hex            0%         N/A       100%        4
 Dispel Undead            Necr           0%         3d6       100%        4
 Flame Wave               Conj/Fire      0%         2d4       100%        4
 Passage of Golubria      Tloc           0%         N/A       100%        4
 Summon Ice Beast         Ice/Summ       0%         N/A       100%        4
 Alistair's Intoxication  Tmut/Pois      0%         N/A       100%        5
 Arcjolt                  Conj/Air       0%         1d10      100%        5
 Borgnjor's Vile Clutch   Necr/Erth      0%         N/A       100%        5
 Fireball                 Conj/Fire      0%         3d3       100%        5
 Freezing Cloud           Conj/Ice/Air   0%         6-21      100%        5
 Lightning Bolt           Conj/Air       0%         1d11      100%        5
 Metabolic Englaciation   Hex/Ice        0%         N/A       100%        5
 Yara's Violent Unravell  Hex/Tmut       0%         3d3       100%        5
 Death Channel            Necr           0%         N/A       100%        6
 Eringya's Noxious Bog    Tmut/Pois      0%         N/A       100%        6
 Starburst                Conj/Fire      0%         6d3       100%        6
 Statue Form              Tmut/Erth      0%         N/A       100%        6
 Summon Cactus Giant      Summ           0%         N/A       100%        6
 Enfeeble                 Hex            0%         N/A       100%        7
 Ozocubu's Refrigeration  Ice            0%         4d7       100%        7
 Borgnjor's Revivificati  Necr           0%         N/A       100%        8
 Discord                  Hex            0%         N/A       100%        8
 Simulacrum               Ice/Necr       Unusable   N/A       N/A         6

Dungeon Overview and Level Annotations

Branches:
Dungeon (15/15)            Temple (1/1) D:7            Lair (5/5) D:11
  Swamp (3/4) Lair:3       Spider (0/4) Lair:3        Slime (0/5) Lair:5
    Orc (2/2) D:12            Elf (0/3) Orc:2        Vaults (0/5) D:13
 Depths (0/4) D:15         Bailey (visited)           IceCv (visited)

Altars:
Ashenzari
Cheibriados
Dithmenos
Elyvilon
Fedhas
Gozag
Hepliaklqana
Kikubaaqudgha
Makhleb
Nemelex Xobeh
Okawaru
Qazlal
Ru
Sif Muna
Trog
Uskayaw
Xom
Yredelemnul
Zin
The Shining One
Beogh
Jiyva
Lugonu

Shops:
D:8 !   D:9 *   D:11 =   Orc:2 *=*[(   Swamp:2 *

Portals:
Abyss: Lair:5

Annotations:
D:1 1 transporter
Temple 2 transporters


Message History

You block the 14-headed hydra's attack.
The 14-headed hydra bites you but does no damage.
You block the 14-headed hydra's attack.
The 14-headed hydra bites you but does no damage. x4
The 14-headed hydra barely misses you. You block the 14-headed hydra's attack.
The 14-headed hydra bites you.
* * * LOW HITPOINT WARNING * * *
The 14-headed hydra bites you.
* * * LOW HITPOINT WARNING * * *
The 14-headed hydra bites you but does no damage.
The 14-headed hydra misses you. The 14-headed hydra closely misses you.
The 14-headed hydra bites you but does no damage.
The 14-headed hydra closely misses you. x2
You feel much better.
The 14-headed hydra bites you but does no damage.
You block the 14-headed hydra's attack. The 14-headed hydra bites you!
* * * LOW HITPOINT WARNING * * *
You block the 14-headed hydra's attack. The 14-headed hydra barely misses you.
The 14-headed hydra bites you!
* * * LOW HITPOINT WARNING * * *
The 14-headed hydra barely misses you.
The 14-headed hydra bites you but does no damage. x2
The 14-headed hydra closely misses you. The 14-headed hydra barely misses you.
The 14-headed hydra bites you but does no damage.
The 14-headed hydra barely misses you. The 14-headed hydra bites you!
* * * LOW HITPOINT WARNING * * *
You open the lid... ...and a larval fireweird beast leaps out!
The box is emptied!
The 14-headed hydra bites you but does no damage.
The 14-headed hydra barely misses you.
The 14-headed hydra bites you but does no damage.
The 14-headed hydra bites you!
* * * LOW HITPOINT WARNING * * *
The 14-headed hydra bites you but does no damage. x3
You block the 14-headed hydra's attack. x2; The 14-headed hydra bites you.
* * * LOW HITPOINT WARNING * * *
The 14-headed hydra bites you!
You die...
Your body crumbles into a pile of gold.

.......♣♣♣♣♣.~~..~~..♣♣♣♣♣~.....~
......~♣ ♣♣..~.♣~~~§..~♣~~~.~~..~
...~~~<♣♣♣~..~...~~~~~♣♣....~~...
#..~~~..♣♣~.~~§~~..~~~♣♣♣♣♣...♣..
...~~...♣♣~.~~~...♣♣~♣♣ ♣♣♣§~..
..♣..~..♣~.~~~~~~~..♣♣ ♣♣♣~...~
♣♣♣.~~~.......H~~~~~.♣♣ ♣~....§~
♣ ♣.~~........~~D~~~.~♣ ♣..~~~~~
♣ ♣.~....§~.~§§~@~♣♣~♣♣ ♣♣♣~~...
♣ ♣~.[.~.|..~~~..♣♣♣♣♣ ♣.§~..
♣♣~~.~..♣♣♣~~~.[...♣ ♣♣♣~~..
♣.....♣♣♣ ♣♣..~<∩.~♣ ♣♣...~..
♣♣♣..~♣ ♣♣♣♣♣~♣♣♣ ♣~......
♣.~...♣ ♣♣.~~.♣ ♣.~~..~~ ♣.~~..♣
♣♣.~~~.♣♣♣♣ ♣♣.~~~~~
♣~~§..♣♣♣♣♣♣~.~~~~♣♣~♣♣ ♣♣♣.~~~
♣♣♣♣♣♣♣♣...♣.~~...~...♣♣♣ ♣♣...


You could see a 14-headed hydra (berserk, fast, drained, ally target) and a
friendly larval fireweird beast (summoned).

Vanquished Creatures
  Nikola (Swamp:2)
  Rupert (D:14)
  Roxanne (D:15)
  A thorn hunter (Swamp:2)
  The ghost of cforsyth the Unseen, an adept KoBr of Hepliaklqana (D:15)
  3 orc warlords
  The ghost of sirJeffrey23 the Fighter, a journeyman DsFi of Makhleb (D:15)
  A quicksilver ooze (Lair:5)
  2 eleionomae (Swamp:2)
  The ghost of relicbr the Unseen, a journeyman SpDe of Dithmenos (D:15)
  6 bunyips
  The ghost of bjtr the Geomancer, a journeyman GrEE of Vehumet (D:13)
  Snorg (D:11)
  10 hydras
  A great orb of eyes (D:15)
  Erolcha (D:11)
  2 catoblepae
  5 centaur warriors
  3 ice dragons
  A death knight (D:15)
  6 alligators
  An anaconda (shapeshifter) (Lair:5)
  7 two-headed ogres
  A two-headed ogre (shapeshifter) (Lair:5)
  2 boulder beetles
  6 death yaks
  2 orc high priests (Orc:2)
  Urug (Lair:2)
  2 thrashing horrors (Lair:5)
  Sonja (D:11)
  4 skysharks
  Nergalle (Orc:2)
  Amaemon (Lair:1)
  A fire crab (shapeshifter) (D:13)
  4 skeletal warriors (D:13)
  2 goliath frogs
  A spriggan druid (Swamp:1)
  4 swamp dragons
  4 orc knights
  A necromancer (IceCv)
  Pikel (D:4)
  A lindwurm (Lair:4)
  A harpy (shapeshifter) (Lair:5)
  2 deep elf pyromancers (D:13)
  11 ugly things
  5 manticores
  3 orc sorcerers (Orc:2)
  2 oklob plants (Lair:1)
  5 cyclopes
  A cyclops (shapeshifter) (D:13)
  5 elephants (Lair:3)
  Maurice (D:9)
  6 black mambas
  6 ice statues
  An orange demon (Lair:1)
  2 smoke demons (Lair:5)
  A torpor snail (Lair:3)
  12 cane toads
  3 gargoyles
  A rime drake (Lair:4)
  A yaktaur (shapeshifter) (D:13)
  6 yaktaurs (D:15)
  16 ice devils (IceCv)
  11 komodo dragons
  3 kobold demonologists (D:5)
  3 freezing wraiths
  A polar bear (shapeshifter) (D:13)
  A wandering mushroom (Lair:1)
  An ancient zyme (Lair:5)
  6 trolls
  4 meliai
  A troll (shapeshifter) (Lair:5)
  4 tyrant leeches
  Prince Ribbit (D:9)
  3 hornets
  3 polar bears
  A merfolk (shapeshifter) (Lair:5)
  Grinder (D:5)
  13 blink frogs
  A jumping spider (Lair:3)
  2 large abominations (Lair:5)
  Sigmund (D:3)
  5 culicivoras (Lair:3)
  7 slime creatures
  4 spriggans
  A shapeshifter (D:12)
  2 ynoxinuls (Lair:5)
  2 shadows (D:12)
  5 wyverns
  A vampire (D:14)
  3 wraiths
  52 yaks
  2 centaur simulacra
  A dire elephant simulacrum (IceCv)
  6 hogs (D:15)
  A human (shapeshifter) (D:15)
  12 basilisks
  Eustachio (D:5)
  A redback (Lair:3)
  3 steam dragons
  9 swamp worms
  6 vampire mosquitoes
  5 death yak simulacra (IceCv)
  2 harpy simulacra (IceCv)
  6 wargs
  An acid dragon (D:13)
  2 hydra simulacra (IceCv)
  A swamp drake (Swamp:1)
  12 water moccasins
  Duvessa (D:3)
  A water moccasin (shapeshifter) (D:15)
  35 orc warriors
  12 ice beasts (D:13)
  5 ogres
  A lemure (D:4)
  8 centaurs
  4 wolves
  A phantom (D:7)
  10 small abominations (Lair:5)
  12 bullfrogs
  5 scorpions
  A gnoll sergeant (D:10)
  3 necrophages
  A two-headed ogre simulacrum (IceCv)
  5 cane toad simulacra (IceCv)
  10 wights
  Dowan (D:3)
  4 elephant simulacra (IceCv)
  6 howler monkeys
  4 electric eels
  7 jellies (Lair:5)
  21 orc priests
  3 hounds
  2 iguanas (D:5)
  28 orc wizards
  6 hell rats
  2 troll simulacra (IceCv)
  A spriggan simulacrum (IceCv)
  A polar bear simulacrum (IceCv)
  4 wolf simulacra (IceCv)
  14 gnolls
  A naga simulacrum (IceCv)
  4 adders
  15 white imps
  An ufetubus (IceCv)
  2 worms
  2 dart slugs
  86 orcs
  10 endoplasms
  2 giant cockroaches
  9 goblins
  13 hobgoblins
  8 jackals
  4 quokkas
  4 ball pythons
  A bat (D:3)
  A frilled lizard (D:3)
  18 kobolds
  7 rats
  2 bushes (D:2)
812 creatures vanquished.

Vanquished Creatures (collateral kills)
  A kobold (D:5)
1 creature vanquished.

Vanquished Creatures (others)
  A hydra (D:15)
  A boulder beetle (D:15)
  3 bloated husks (Swamp:1)
  A tyrant leech (Swamp:1)
  An orc warrior (Orc:2)
  A dart slug (D:4)
  An orc (Orc:2)
  17 fungi
  46 plants
72 creatures vanquished.

Grand Total: 885 creatures vanquished

Notes
Turn   | Place    | Note
-------+----------+-------------------------------------------
     0 | D:1      | Iich the Hill Orc Fighter began the quest for the Orb.
     0 | D:1      | Reached XP level 1. HP: 19/19 MP: 1/1
    73 | D:1      | Reached skill level 3 in Axes
    73 | D:1      | Reached XP level 2. HP: 9/27 MP: 2/2
   343 | D:1      | Reached skill level 4 in Axes
   462 | D:1      | Reached XP level 3. HP: 28/33 MP: 3/3
   588 | D:1      | You fall into a shaft and drop 1 floor!
  1363 | D:2      | Reached skill level 5 in Axes
  1363 | D:2      | Reached XP level 4. HP: 37/41 MP: 4/4
  2227 | D:3      | Found a sacrificial altar of Ru.
  2235 | D:3      | Noticed Sigmund
  2256 | D:3      | Killed Sigmund
  2257 | D:3      | Reached skill level 5 in Fighting
  2257 | D:3      | Reached skill level 6 in Axes
  2257 | D:3      | Reached XP level 5. HP: 42/48 MP: 5/5
  2257 | D:3      | Reached XP level 6. HP: 49/56 MP: 6/6
  2682 | D:4      | Reached skill level 7 in Axes
  3264 | D:4      | Reached skill level 8 in Axes
  3267 | D:4      | Reached XP level 7. HP: 46/63 MP: 7/7
  3430 | D:4      | Noticed Duvessa
  3432 | D:4      | Noticed Dowan
  3948 | D:3      | Killed Duvessa
  3948 | D:3      | Killed Dowan
  3949 | D:3      | Reached skill level 9 in Axes
  4353 | D:4      | Noticed Pikel
  4361 | D:4      | Killed Pikel
  4362 | D:4      | Reached skill level 10 in Axes
  4362 | D:4      | Reached XP level 8. HP: 56/74 MP: 6/8
  4777 | D:5      | Entered Level 5 of the Dungeon
  4795 | D:5      | Noticed Eustachio
  4822 | D:5      | Reached skill level 11 in Axes
  4828 | D:5      | HP: 2/74 [orc priest/nerve-wracking pain (2)]
  4830 | D:5      | Killed Eustachio
  5113 | D:5      | Found a sparkling altar of Nemelex Xobeh.
  5217 | D:5      | Noticed a kobold demonologist
  5217 | D:5      | Noticed a kobold demonologist
  5238 | D:5      | Noticed a sun demon
  5243 | D:5      | Noticed an orange demon
  5272 | D:5      | Killed a kobold demonologist
  5273 | D:5      | Reached skill level 12 in Axes
  5273 | D:5      | Reached XP level 9. HP: 82/82 MP: 9/9
  5279 | D:5      | Killed a kobold demonologist
  5379 | D:5      | Noticed a kobold demonologist
  5386 | D:5      | Noticed a hellwing
  5395 | D:5      | Killed a kobold demonologist
  5396 | D:5      | Reached skill level 13 in Axes
  5439 | D:5      | Noticed Grinder
  5451 | D:5      | Killed Grinder
  6059 | D:6      | Found a glowing golden altar of the Shining One.
  6397 | D:6      | Reached skill level 14 in Axes
  6932 | D:7      | Reached skill level 10 in Fighting
  6963 | D:7      | Reached XP level 10. HP: 81/93 MP: 10/10
  7281 | D:7      | Found a staircase to the Ecumenical Temple.
  7290 | Temple   | Entered the Ecumenical Temple
  7290 | Temple   | Found a transporter.
  7290 | Temple   | Found a transporter.
  7292 | Temple   | Found a transporter.
  7292 | Temple   | Found a transporter.
  7307 | Temple   | Became a worshipper of Gozag Ym Sagoz the Greedy
  7669 | D:7      | Reached skill level 15 in Axes
  8261 | D:8      | Found a flagged portal.
  8312 | Bailey   | Entered a bailey
  8422 | Bailey   | Identified the +1 ring mail of Stoicism {Will++ MP-9}
  8444 | Bailey   | Noticed an orc knight
  8458 | Bailey   | Killed an orc knight
  8706 | Bailey   | Identified the ring "Liloz" {rC+ Dex+4}
  8894 | D:8      | Found Dac Mamm's Distillery.
  8902 | D:8      | Bought 2 potions of heal wounds for 100 gold pieces
  8913 | D:8      | Noticed a two-headed ogre
  8921 | D:8      | Killed a two-headed ogre
  8922 | D:8      | Reached skill level 16 in Axes
  8922 | D:8      | Reached skill level 5 in Armour
  9325 | D:8      | Reached XP level 11. HP: 101/101 MP: 11/11
  9417 | D:9      | Noticed a two-headed ogre
  9426 | D:9      | Killed a two-headed ogre
  9427 | D:9      | Reached XP level 12. HP: 86/110 MP: 12/12
  9512 | D:9      | Found Lyradeath's Changing Room.
  9523 | D:9      | Bought a potion of mutation for 96 gold pieces
  9768 | D:9      | Noticed Prince Ribbit
  9780 | D:9      | Killed Prince Ribbit
  9830 | D:9      | Noticed Maurice
  9873 | D:9      | Paralysed by something for 3 turns
  9879 | D:9      | Killed Maurice
  9880 | D:9      | Reached skill level 17 in Axes
 10290 | D:10     | Entered Level 10 of the Dungeon
 10604 | D:10     | Identified the +0 ring mail of Conscience {rC+}
 10626 | D:10     | Identified a scroll of acquirement
 10627 | D:10     | Acquired 458 gold pieces
 11081 | D:11     | Noticed a two-headed ogre
 11087 | D:11     | Killed a two-headed ogre
 11266 | D:11     | Identified the +0 ring mail of Lies {rF++ MP+9}
 11281 | D:11     | Found a frozen archway.
 11297 | D:11     | Noticed a two-headed ogre
 11312 | D:11     | Killed a two-headed ogre
 11313 | D:11     | Reached skill level 5 in Dodging
 11321 | D:11     | Reached skill level 18 in Axes
 11381 | IceCv    | Entered an ice cave
 11852 | IceCv    | Identified the +1 pair of gloves of the Iron City of Dis
                  | {Str+2}
 11882 | IceCv    | Found an ancient bone altar of Kikubaaqudgha.
 11888 | IceCv    | Reached XP level 13. HP: 91/119 MP: 10/13
 12158 | IceCv    | Got Ucvadghe's Spellbook of the Iceberg
 12525 | IceCv    | Reached skill level 10 in Armour
 12585 | IceCv    | Reached skill level 19 in Axes
 12971 | IceCv    | Got the Thoughts on Graupel and the Dead
 13207 | D:11     | Found a staircase to the Lair.
 13240 | D:11     | Noticed Snorg
 13255 | D:11     | Killed Snorg
 13481 | D:11     | Noticed Sonja
 13486 | D:11     | Killed Sonja
 13547 | D:11     | Noticed Erolcha
 13556 | D:11     | Killed Erolcha
 14442 | D:11     | Bought the ring "Jufukec" {rElec Will+ Str+2 Dex-2 Slay+3}
                  | for 774 gold pieces
 14442 | D:11     | Bought the ring of Oddaum {Contam rN+ EV+5 Slay+4} for 876
                  | gold pieces
 14455 | Lair:1   | Entered Level 1 of the Lair of Beasts
 14503 | Lair:1   | Noticed Amaemon
 14515 | Lair:1   | Killed Amaemon
 15380 | Lair:2   | Reached skill level 20 in Axes
 15831 | Lair:2   | Noticed Urug
 15840 | Lair:2   | Killed Urug
 16189 | Lair:3   | Reached XP level 14. HP: 130/130 MP: 14/14
 16361 | Lair:3   | Found a hole to the Spider Nest.
 16393 | Lair:3   | Found a bloodstained altar of Trog.
 17335 | Lair:3   | Reached skill level 21 in Axes
 17677 | Lair:3   | Found a staircase to the Swamp.
 18002 | Lair:4   | Identified the +0 plate armour of Nihilism {Harm}
 19046 | Lair:5   | Entered Level 5 of the Lair of Beasts
 19580 | Lair:5   | Reached skill level 15 in Fighting
 19580 | Lair:5   | Reached XP level 15. HP: 141/141 MP: 13/15
 19762 | Lair:5   | Reached skill level 22 in Axes
 19795 | Lair:5   | Found a corrupted altar of Lugonu.
 19795 | Lair:5   | Found a one-way gate to the infinite horrors of the Abyss.
 19808 | Lair:5   | Identified the +1 leather armour "Olyem" {rF+ Str+3 Dex-4
                  | Slay-5 SInv}
 20872 | Lair:5   | Found a runed translucent door.
 20872 | Lair:5   | Found a viscous altar of Jiyva.
 20875 | Lair:5   | Found a staircase to the Slime Pits.
 21393 | D:12     | Found a staircase to the Orcish Mines.
 21890 | D:13     | Noticed bjtr's ghost (journeyman GrEE)
 22080 | D:13     | Found a gate to the Vaults.
 22160 | D:13     | Found a runed translucent gate.
 22160 | D:13     | Found a runed translucent gate.
 22160 | D:13     | Found a runed translucent gate.
 22417 | D:13     | Reached skill level 23 in Axes
 23101 | D:13     | Killed bjtr's ghost
 23118 | D:13     | Identified the ring "Huudanal" {Fire rN+ rCorr Str+2}
 24081 | D:14     | Noticed Rupert
 24097 | D:14     | Killed Rupert
 24098 | D:14     | Reached XP level 16. HP: 114/151 MP: 13/16
 24536 | D:15     | Entered Level 15 of the Dungeon
 24782 | D:15     | Identified Roxanne's Parchment of Excavation
 24782 | D:15     | Noticed Roxanne
 24803 | D:15     | Killed Roxanne
 24915 | D:15     | Found a transporter.
 24937 | D:15     | Found a shimmering blue altar of Sif Muna.
 25019 | D:15     | Noticed Kirke
 25028 | D:15     | Kirke changed into Kirke the shapeshifter
 25079 | D:15     | Noticed relicbr's ghost (journeyman SpDe)
 25079 | D:15     | Noticed sirJeffrey23's ghost (journeyman DsFi)
 25080 | D:15     | Noticed cforsyth's ghost (adept KoBr)
 25094 | D:15     | Found a transporter.
 25469 | D:15     | Acquired 524 gold pieces
 25721 | D:15     | Found a staircase to the Depths.
 25968 | D:15     | Killed cforsyth's ghost
 25975 | D:15     | Killed sirJeffrey23's ghost
 25982 | D:15     | Killed relicbr's ghost
 25989 | D:15     | Reached skill level 24 in Axes
 26597 | Orc:1    | Entered Level 1 of the Orcish Mines
 26854 | Orc:2    | Entered Level 2 of the Orcish Mines
 26854 | Orc:2    | Found a staircase to the Elven Halls.
 26965 | Orc:2    | Found a roughly hewn altar of Beogh.
 26966 | Orc:2    | Noticed Nergalle
 26975 | Orc:2    | Killed Nergalle
 26976 | Orc:2    | Found Wountel's Antique Weapon Boutique.
 27001 | Orc:2    | Reached skill level 10 in Dodging
 27023 | Orc:2    | Found Otsam's General Store.
 27168 | Orc:2    | Found Cehaur's Antique Armour Boutique.
 27195 | Orc:2    | Bought a scroll of magic mapping for 112 gold pieces
 27423 | Orc:2    | Found Usarial's Assorted Antiques.
 27630 | Orc:2    | Found Loubudgho's Jewellery Boutique.
 27779 | Orc:2    | Found a roughly hewn altar of Beogh.
 28098 | Orc:1    | Found a roughly hewn altar of Beogh.
 28490 | Swamp:1  | Entered Level 1 of the Swamp
 29539 | Swamp:1  | Reached XP level 17. HP: 161/161 MP: 17/17
 30118 | Swamp:2  | Bought a scroll of blinking for 300 gold pieces
 30118 | Swamp:2  | Bought a potion of curing for 120 gold pieces
 30118 | Swamp:2  | Bought a shiny plate armour for 1040 gold pieces
 30148 | Swamp:2  | Paralysed by a hornet for 2 turns
 31651 | Swamp:2  | Noticed Nikola
 31669 | Swamp:2  | Killed Nikola
 31670 | Swamp:2  | Reached skill level 25 in Axes
 32918 | Swamp:2  | Slain by a 14-headed hydra

Illustrated notes

Levels and vault maps discovered:
D:1:      spicycebolla_arrival_risky_transporter, layout_basic,
          minmay_box_of_dots
D:2:      layout_basic, serial_forest, infiniplex_forest_clump_C,
          infiniplex_forest_clump_long, infiniplex_forest_clump_medium,
          infiniplex_forest_3_way, infiniplex_forest_clump_diagonal,
          infiniplex_forest_clump_small, infiniplex_forest_clump_long,
          minmay_misc_feat_ornament, minmay_surrounded
D:3:      layout_loops_cross, nicolae_ru_awakened_eye, serial_rivers,
          chequers_serial_rivers_small_3, chequers_serial_rivers_large_b,
          chequers_serial_rivers_small_b, chequers_serial_rivers_micro_d,
          serial_bayou_pond_c, grunt_ministairs_1, uniq_sigmund
D:4:      layout_loops_ring, serial_co_window_serial, co_window_cross_1,
          co_window_corner_a, co_window_paths_b, co_window_paths_a,
          co_window_paths_a, co_window_broadway_a, co_window_2corner,
          co_window_unsneaky_path_b, co_window_2corner, glass_columns_c,
          uniq_duvessa, uniq_pikel
D:5:      layout_basic, amcnicky_altar_gilded, uniq_eustachio, uniq_grinder
D:6:      layout_gridville, mainiacjoe_overflow_24_doors
D:7:      layout_basic, minmay_temple_entry_trees
D:8:      layout_rooms, serial_glass, glass_columns_a, glass_columns_b,
          enter_bailey_6, serial_shops, shop, grunt_ministairs_14,
          amcnicky_mini_rare_corridor_liquid, nrook_campfire
D:9:      layout_irregular_city, nicolae_transmutations_shop,
          uniq_prince_ribbit1, uniq_maurice
D:10:     layout_loops_cross, st_stairs_10, minmay_misc_feat_enclosed
D:11:     layout_irregular_city, david_lair_shrubbed,
          portal_ice_cave_entry_imps, uniq_erolcha, uniq_sonja, uniq_snorg
D:12:     layout_rooms, hiddenorc1_lemuel
D:13:     minmay_ice_pillars, layout_irregular_city, david_vaults_2,
          gammafunk_ghost_split
D:14:     layout_cave_pools, serial_park_tiny_pond, uniq_rupert
D:15:     grunt_enter_depths_hoard, layout_loops_cross, nzn_ghost_randoct,
          led_sif_book, uniq_kirke, uniq_roxanne
Temple:   hellmonk_temple_divided_pantheon
Lair:1:   dpeg_oklob_gauntlet, layout_misc_corridors, grunt_megastairs_5,
          uniq_amaemon
Lair:2:   layout_gridlike, uniq_urug
Lair:3:   layout_chaotic_city, palyth_hydra_swamp_entry,
          nicolae_spider_entry_tight_spaces, basic_altar,
          nicolae_lair_lakeside_cave
Lair:4:   hellmonk_destroyed_diamonds, layout_cave_pods, wad_woods_road_03,
          nicolae_quartered_pool_super
Lair:5:   hellmonk_lair_end_abyssal_woods, layout_hall_layers, slime_entry_2,
          nicolae_lair_time_for_slime, serial_bayou_shore_b
Swamp:1:  layout_basic_swamp, infiniplex_staircase_pool
Swamp:2:  layout_basic_swamp, hangedman_swamp_ruin_wall, uniq_nikola
Swamp:3:  layout_falls_marsh, evilmike_swamp_ruin_house_4
Orc:1:    layout_caves, basic_altar
Orc:2:    grunt_orc_cross, layout_diamond_mine, serial_shops,
          nicolae_shop_stone, minmay_orc_temple_b

Skill      XL: |  1  2  3  4  5  6  7  8  9 10 11 12 13 14 15 16 17 |
---------------+----------------------------------------------------+-----
Axes           | 3 4 5 6 8 10 12 14 16 18 20 21 23 24 25 | 25.2
Fighting       | 4 5 6 7 8 10 11 12 13 15 16 17 | 17.3
Armour         | 7 8 9 10 12 13 14 | 14.7
Dodging        | 4 5 6 8 9 10 | 10.5
Shields        | 6 |  6.4

Action                     |  1- 3 |  4- 6 |  7- 9 | 10-12 | 13-15 | 16-18 || total
---------------------------+-------+-------+-------+-------+-------+-------++-------
  Melee: War axe           |   167 |   186 |   270 |   134 |       |       ||   757
         Broad axe         |       |       |       |   263 |   955 |   617 ||  1835
         Unarmed           |       |       |       |    24 |       |       ||    24
 Invoke: Potion Petition   |       |       |       |       |     5 |    10 ||    15
         Call Merchant     |       |       |       |       |     1 |     1 ||     2
  Evoke: Wand              |       |       |     2 |     4 |     4 |     7 ||    17
         Box of beasts     |       |       |       |       |       |     2 ||     2
         Phantom mirror    |       |       |       |       |       |     2 ||     2
         Tin of tremorston |       |       |       |       |       |     1 ||     1
    Use: Scroll            |     1 |     1 |     6 |    14 |     8 |     4 ||    34
         Potion            |       |     3 |     5 |     7 |     4 |     5 ||    24
   Stab: Invisible         |       |     2 |       |       |       |    13 ||    15
         Confused          |       |       |       |     1 |     8 |     4 ||    13
         Distracted        |       |       |       |     3 |     9 |     5 ||    17
         Paralysed         |       |       |       |     2 |     3 |     3 ||     8
         Petrifying        |       |       |       |       |     3 |       ||     3
 Armour: Scale mail        |    42 |    57 |    13 |       |       |       ||   112
         Chain mail        |       |       |   151 |    60 |       |       ||   211
         Skin              |       |       |    66 |     3 |       |    16 ||    85
         Plate armour      |       |       |       |    97 |    60 |       ||   157
         Crystal plate arm |       |       |       |       |   418 |   450 ||   868
  Dodge: Dodged            |    50 |    34 |   112 |    95 |   404 |   386 ||  1081
  Block: Buckler           |    27 |    15 |    73 |   101 |   181 |   126 ||   523
         Kite shield       |       |       |       |       |       |    66 ||    66

Table legend: (Time is in decaauts)
 A = Elapsed time spent in this place.
 B = Non-inter-level travel time spent in this place.
 C = Inter-level travel time spent in this place.
 D = Time resting spent in this place.
 E = Time spent auto-exploring this place.
 F = Levels seen in this place.
 G = Mean time per level.
                   A        B        C        D        E       F      G
               +--------+--------+--------+--------+--------+-----+--------+
         Total |  32711 |  31340 |   1371 |   2842 |  22859 |  28 | 1168.2 |
       Dungeon |  17652 |  16755 |    897 |    795 |  13038 |  15 | 1176.8 |
        Temple |     32 |     32 |      0 |      0 |      0 |   1 |   32.0 |
          Lair |   7435 |   7066 |    369 |    806 |   5127 |   5 | 1487.0 |
         Swamp |   3679 |   3647 |     32 |   1213 |   1911 |   3 | 1226.3 |
  Orcish Mines |   1665 |   1593 |     72 |      0 |   1243 |   2 |  832.5 |
        Bailey |    528 |    528 |      0 |      0 |    353 |   1 |  528.0 |
      Ice Cave |   1718 |   1718 |      0 |     28 |   1185 |   1 | 1718.0 |
               +--------+--------+--------+--------+--------+-----+--------+

Top non-repeatable levels by time:
  Lair:3: 2476 daAuts
    D:13: 2261 daAuts
 Swamp:1: 1915 daAuts
     D:3: 1884 daAuts
  Lair:5: 1876 daAuts
    D:15: 1746 daAuts
   IceCv: 1718 daAuts
    D:11: 1694 daAuts
 Swamp:2: 1466 daAuts
     D:7: 1288 daAuts
     D:5: 1258 daAuts
  Lair:4: 1246 daAuts
     D:2: 1149 daAuts
   Orc:2: 1147 daAuts
     D:4: 1115 daAuts
